[Event "Early-Titled-Tuesday-Blitz-May-14-2024"]
[Site "Chess.com"]
[Date "2024.05.14"]
[Round "1"]
[White "campochess"]
[Black "Zarinur"]
[Result "0-1"]
[WhiteElo "2103"]
[BlackElo "2563"]
[TimeControl "180+1"]
[EndTime "8:08:16 PDT"]
[Termination "Zarinur won by resignation"]

1. e4 e5 2. Bc4 Nc6 3. c3 Nf6 4. d3 h6 5. Qe2 a5 6. a3 Bc5 7.
Nf3 d6 8. Be3 Ba7 9. Bxa7 Rxa7 10. h3 Be6 11. Nbd2 Qe7 12. O-O O-O 13. Rfe1 Raa8 14.
d4 Bd7 15. d5 Nd8 16. Nf1 Nh5 17. Qd2 Nf4 18. Ng3 Qf6 19. Re3 h5 20. Bf1 h4 21.
Ne2 Qh6 22. Nxf4 exf4 23. Rd3 f6 24. Nd4 Nf7 25. Rf3 g5 26. c4 Ne5 27. Rb3 b6 28.
Nf3 g4 29. Nxe5 fxe5 30. hxg4 Bxg4 31. f3 Bd7 32. Kf2 Kf7 33. Ke1 h3 34. gxh3 Bxh3 35. Qh2 Rh8 36. Kd2 Bxf1 37. Qxh6 Rxh6 38. Rxf1 Rh2+ 39.
Kc1 Rg8 40. c5 dxc5 41. d6 cxd6 42. Rxb6 Ke6 43. Rd1 Rd8 44. Rd3 a4 45. Rc3 Ke7 46.
Rc4 Rf2 47. Rxa4 Rxf3 48. Ra7+ Ke6 49. Rbb7 Re3 50. Re7+ Kf6 51. Rf7+ Kg5 52. Rad7 Rxd7 53. Rxd7 f3 54. Rf7 Kg4 55. Kd2 Re2+ 56. Kd3 Rxb2 57. Rf6 Kg3 58. Rg6+ Kf2 59. Rxd6 Ke1 60. Kc3 Re2 61.
Rf6 f2 62. Kc4 f1=Q 63. Rxf1+ Kxf1 64. Kd5 Rxe4 65. Kxe4 c4 66. a4 Ke2 67. a5 c3 68. a6 c2 69. a7 c1=Q 70. a8=Q Qh1+ 71. Kxe5 Qxa8 0-1

[Event "Early-Titled-Tuesday-Blitz-May-14-2024"]
[Site "Chess.com"]
[Date "2024.05.14"]
[Round "1"]
[White "dinushkipremanath"]
[Black "HeroWilczek"]
[Result "1/2-1/2"]
[WhiteElo "1815"]
[BlackElo "2541"]
[TimeControl "180+1"]
[EndTime "8:08:17 PDT"]
[Termination "Game drawn by repetition"]

1. d4 Nf6 2. Nf3 b6 3. Bf4 Bb7 4. Nbd2 e6 5. e3 Ne4 6. Bd3 Nxd2 7. Qxd2 Be7 8. O-O-O d6 9. e4 Nd7 10. Kb1 a6 11.
Qe2 b5 12. h4 Nb6 13. h5 h6 14. g4 Qd7 15. Rhg1 O-O-O 16. Nd2 Bg5 17. Be3 e5 18. d5 Kb8 19. Nb3 Rc8 20. Na5 Ka7 21. c4 bxc4 22. Nxc4 Bxe3 23. Qxe3 Qa4 24. b3 Qb4 25. Kb2 Kb8 26. a3 Na4+ 27. Ka2 Nc3+ 28. Kb2 Nxd1+ 29. Rxd1 Qc5 30. Qxc5 dxc5 31. Nxe5 Rhe8 32. Nd7+ Ka7 33. Nxc5 Rcd8 34. f3 c6 35. Nxb7 Kxb7 36. Bc4 cxd5 37.
Bxd5+ Kb6 38. Rd4 Re7 39. Rb4+ Ka7 40. Rc4 f6 41. b4 Kb8 42. Rc6 Ka7 43. Kc3 Rdd7 44.
Kd4 Rc7 45. Rc5 Rxc5 46. bxc5 Kb8 47. c6 Kc7 48. Kc5 Re8 49. Bc4 Rb8 50. Bxa6 Rb3 51. Be2 Rxa3 52. Kd5 Re3 53. Bd1 Rd3+ 54. Ke6 Rxd1 55.
Kf7 Kxc6 56. Kxg7 Kd6 57. Kxh6 Ke7 58. Kg7 Ke6 59. h6 Rd7+ 60. Kg8 f5 61. h7 fxe4 62.
fxe4 Rd8+ 63. Kg7 Rd7+ 64. Kg8 Rd8+ 65. Kg7 Rd7+ 66. Kg6 Rd8 67. Kg7 1/2-1/2

[Event "Early-Titled-Tuesday-Blitz-May-14-2024"]
[Site "Chess.com"]
[Date "2024.05.14"]
[Round "1"]
[White "Jesseinkman"]
[Black "lilleper1"]
[Result "0-1"]
[WhiteElo "2519"]
[BlackElo "2910"]
[TimeControl "180+1"]
[EndTime "8:08:18 PDT"]
[Termination "lilleper1 won by resignation"]

1. e4 c5 2. Nf3 d6 3. d4 cxd4 4. Nxd4 Nf6 5. Nc3 a6 6. f3 e5 7. Nb3 Be7 8. Be3 h5 9. Qd2 Be6 10. Nd5 Bxd5 11. exd5 Qc7 12. c4 a5 13. Qf2 Nbd7 14.
Bd3 h4 15. Rc1 a4 16. Nd2 Nxd5 17. O-O Nxe3 18. Qxe3 d5 19. Kh1 d4 20. Qe2 O-O 21. f4 Nc5 22. fxe5 Bg5 23. Ne4 Nxe4 24. Qxe4 g6 25. Rce1 Rfe8 26. Qf3 Be3 27. c5 Rxe5 28. Bc4 Re7 29. Qg4 Kg7 30. Bd3 Qxc5 31. Rf3 Rf8 32. Ref1 Qe5 33. Qxh4 Rh8 34. Qg3 Qxg3 35. Rxg3 Rc8 36.
Rgf3 f5 37. h3 Rc5 38. g4 fxg4 39. hxg4 Rg5 40. Rg3 b5 41. Kg2 b4 42. Bc4 Rc7 43.
b3 a3 44. Rh1 Rgc5 45. Kf3 Kf6 46. Rgh3 Kg5 47. Ke2 Rxc4 48. bxc4 Rxc4 49. Kd3 Rc3+ 50.
Ke4 Rc2 51. R3h2 Rc3 52. Kd5 b3 53. axb3 Rxb3 54. Ra2 Kxg4 55. Kc4 Rc3+ 56. Kb4 g5 57. Rxa3 Rxa3 58. Kxa3 Kf3 59. Kb3 g4 60. Rf1+ Ke2 61. Rh1 g3 0-1

[Event "Early-Titled-Tuesday-Blitz-May-14-2024"]
[Site "Chess.com"]
[Date "2024.05.14"]
[Round "1"]
[White "Sadykov_Ramil"]
[Black "kyawmyataung2005"]
[Result "1-0"]
[WhiteElo "2607"]
[BlackElo "2264"]
[TimeControl "180+1"]
[EndTime "8:08:19 PDT"]
[Termination "Sadykov_Ramil won by checkmate"]

1. Nf3 Nf6 2. c4 g6 3. Nc3 Bg7 4. e4 d6 5. d4 O-O 6. Be2 e5 7.
O-O Nc6 8. d5 Ne7 9. b4 Ne8 10.
c5 f5 11. Ng5 Nf6 12. f3 a5 13. cxd6 Qxd6 14. bxa5 Rxa5 15. Qb3 Kh8 16. Nb5 Qd8 17.
Bd2 Ra6 18. Bb4 Bh6 19. Ne6 Bxe6 20. dxe6 Nfg8 21. Rad1 Qc8 22. Rd7 c5 23. Bc3 Bg7 24. Nc7 Rc6 25. Nb5 c4 26. Qb2 Rxe6 27. Rfd1 Nc6 28. Bxc4 Re7 29. Rxe7 Ngxe7 30. Nd6 Qc7 31. Nf7+ Rxf7 32. Bxf7 Nd4 33. Bxd4 exd4 34. Bb3 fxe4 35.
fxe4 d3 36. Qd2 Qc5+ 37. Kh1 Nc6 38. Qxd3 Bd4 39. Qc4 Qf8 40. Rf1 Qe8 41. Qe6 Qxe6 42. Bxe6 Kg7 43. Rf7+ Kh6 44. Rxb7 Ne5 45. Bd5 Kg5 46.
g3 Kg4 47. Kg2 h5 48. h3+ Kg5 49. a4 h4 50. gxh4+ Kxh4 51. a5 g5 52. Rh7# 1-0

[Event "Early-Titled-Tuesday-Blitz-May-14-2024"]
[Site "Chess.com"]
[Date "2024.05.14"]
[Round "1"]
[White "BilodeauA"]
[Black "lagunanivaria"]
[Result "1-0"]
[WhiteElo "2892"]
[BlackElo "2514"]
[TimeControl "180+1"]
[EndTime "8:08:20 PDT"]
[Termination "BilodeauA won by resignation"]

1. e4 c6 2. Nf3 d5 3. d3 Bg4 4. h3 Bxf3 5. Qxf3 Nf6 6. e5 Nfd7 7. d4 e6 8. c3 c5 9. Qd1 Nc6 10.
Bb5 Qb6 11. Bxc6 bxc6 12. O-O Be7 13. f4 cxd4 14. cxd4 O-O 15. Kh2 f5 16. Nc3 c5 17.
Na4 Qb5 18. Be3 cxd4 19. Bxd4 Rfc8 20. b3 Nc5 21. Bxc5 Bxc5 22. Rc1 Ba3 23. Rc3 Rxc3 24. Nxc3 Qc5 25. Ne2 Rc8 26. Nd4 Qb6 27. Qd3 a6 28.
Rd1 Bb2 29. Ne2 Qb5 30. Qxb5 axb5 31. Rd2 Ba1 32. Kg3 g5 33. Rd1 Bb2 34. Rd2 Ba1 35.
Kf3 gxf4 36. Nxf4 Kf7 37. Nd3 Bd4 38. g4 fxg4+ 39. hxg4 Ra8 40. Rh2 Kg7 41. Rc2 Ra7 42. g5 Kg6 43. Kg4 h5+ 44. gxh6 Kxh6 45. Nf4 Bxe5 46.
Nxe6 Kg6 47. Re2 Kf6 48. Nc5 Rg7+ 49. Kf3 Kf5 50. Ke3 Rg3+ 51. Kd2 Bf4+ 52. Kc2 Be5 53. Nd3 Bd4 54. Rh2 Ke4 55. Re2+ Kf3 56. Rd2 Ke3 57.
Nb4 Ke4 58. Re2+ Kf3 59. Re8 Rg2+ 60. Kd3 Bf2 61. Rf8+ Kg3 62. Nxd5 Bg1 63. Rg8+ Kh2 64. Rxg2+ Kxg2 65. Nc3 b4 66. Nd5 Bc5 67. Kc4 Bd6 68. Nxb4 Kf3 69. Nd5 Ke4 70. a4 Bc7 71. Nxc7 1-0

[Event "Early-Titled-Tuesday-Blitz-May-14-2024"]
[Site "Chess.com"]
[Date "2024.05.14"]
[Round "1"]
[White "chessburger_tv"]
[Black "Mackster23"]
[Result "1-0"]
[WhiteElo "2384"]
[BlackElo "2663"]
[TimeControl "180+1"]
[EndTime "8:08:23 PDT"]
[Termination "chessburger_tv won on time"]

1. c4 e6 2. g3 d5 3. Nf3 Nf6 4. Bg2 d4 5. O-O Nc6 6. b3 Be7 7. Bb2 O-O 8. e3 e5 9. exd4 exd4 10. d3 Bf5 11. Na3 h6 12. Nc2 Bc5 13. Re1 Qd7 14. Ba3 Bxa3 15. Nxa3 Rfe8 16. Qd2 a6 17. Nc2 Qd6 18. b4 Rad8 19. a3 b5 20. c5 Qd7 21.
Rxe8+ Rxe8 22. Re1 Rxe1+ 23. Qxe1 Bxd3 24. Qd2 Bxc2 25. Qxc2 d3 26. Qd1 Ng4 27. Ne1 Nge5 28. f4 Qd4+ 29. Kh1 Ng4 30. Nxd3 Ne3 31. Qe2 Qa1+ 32.
Ne1 Nxg2 33. Kxg2 Nd4 34. Qe8+ Kh7 35. Qe4+ g6 36. Nf3 Nxf3 37. Qxf3 Qd4 38. Qb3 Qe4+ 39. Kf2 Kg7 40. Qc3+ f6 41. Qb3 Qd4+ 42. Qe3 Qb2+ 43. Kf3 Qxh2 44. Qe7+ Kg8 45. Qe8+ Kg7 46. Qe7+ Kg8 47.
Qd8+ Kf7 48. Qxc7+ Kg8 49. Qd8+ Kg7 50. Qe7+ Kg8 51.
Qe8+ Kg7 52. Qe7+ Kg8 53. Qxf6 Qh1+ 54. Ke3 Qe1+ 55. Kd3 Qd1+ 56. Ke4 Qh1+ 57. Ke5 Qa1+ 58. Ke6 Qe1+ 59. Kd7 Qd2+ 60. Qd6 Qg2 61. c6 Qxg3 62.
c7 Kg7 63. Qe7+ 1-0

[Event "Early-Titled-Tuesday-Blitz-May-14-2024"]
[Site "Chess.com"]
[Date "2024.05.14"]
[Round "1"]
[White "Rud_Makarian"]
[Black "laysa_latifah"]
[Result "1-0"]
[WhiteElo "2947"]
[BlackElo "2528"]
[TimeControl "180+1"]
[EndTime "8:08:25 PDT"]
[Termination "Rud_Makarian won on time"]

1. d4 Nf6 2. c4 e6 3. Nf3 Bb4+ 4. Bd2 Be7 5. Nc3 d5 6. Bf4 O-O 7. e3 Nbd7 8. c5 c6 9. Bd3 b6 10. b4 bxc5 11. bxc5 Qa5 12. Qd2 Nh5 13. O-O Nxf4 14. exf4 Qc7 15. Rfe1 f5 16. Rxe6 Nf6 17. Ree1 Ne4 18.
Qc1 Bf6 19. g3 Bd7 20. Qa3 Be8 21. Ne5 Kh8 22. f3 Nd2 23. Be2 Bh5 24. Nb1 Nxb1 25. Raxb1 g5 26. fxg5 Bxe5 27. dxe5 Qxe5 28. f4 Qd4+ 29.
Kf1 Qe4 30. Kf2 Bg6 31. Bf3 Qc2+ 32. Be2 Rfb8 33. Rxb8+ Rxb8 34. Rc1 Qd2 35. Qe3 Qb2 36. Rc2 Qg7 37. Qc3 d4 38. Qd3 Re8 39. Rd2 Rd8 40.
h4 Bf7 41. Bf3 Qf8 42. Qa3 Qe7 43. Re2 Qd7 44. Qd3 Bd5 45. Qxd4+ Kg8 46. Rd2 Qe6 47. Qe5 1-0

[Event "Early-Titled-Tuesday-Blitz-May-14-2024"]
[Site "Chess.com"]
[Date "2024.05.14"]
[Round "1"]
[White "JoliyRoger"]
[Black "Alexchess1984"]
[Result "1-0"]
[WhiteElo "2409"]
[BlackElo "2693"]
[TimeControl "180+1"]
[EndTime "8:08:25 PDT"]
[Termination "JoliyRoger won by resignation"]

1. d4 e6 2. c4 f5 3. Nf3 Nf6 4. Nc3 Be7 5. Bg5 h6 6. Bxf6 Bxf6 7. e3 O-O 8. Bd3 b6 9. e4 Bb7 10. exf5 exf5 11. Bxf5 Re8+ 12. Kf1 Nc6 13. Qd3 Nb4 14. Qd2 Bxf3 15. gxf3 c5 16. dxc5 bxc5 17. Be4 Rb8 18.
Rg1 Kh8 19. Rd1 Bd4 20. b3 Qh4 21.
Rg2 Rb6 22. Ne2 Rd6 23. Qf4 Qe7 24. Nxd4 cxd4 25. Qf5 g5 26. h4 Rf6 27. Qa5 Nc2 28.
Rg4 Rf4 29. Rxf4 gxf4 30. Qf5 Rf8 31. Qg6 Rf6 32. Qg4 Nb4 33. Rxd4 Qg7 34. Qxg7+ Kxg7 35. Rxd7+ Kf8 36. Rxa7 Rd6 37. a3 Rd1+ 38. Kg2 Na2 39. h5 Nc3 40. b4 Ne2 41. c5 Rg1+ 42. Kh2 Rg5 43. Bg6 Nd4 44. Rf7+ Kg8 45. Rxf4 Re5 46. Be4 Ne2 47. Rg4+ Kf8 48. c6 Rxh5+ 49. Kg2 Ke7 50. Rg7+ Kd8 51. a4 Nf4+ 52. Kg3 Ne6 53. Rd7+ Kc8 54. b5 Rg5+ 55. Kh4 Nf4 56. b6 Ng2+ 57. Kh3 Nf4+ 58. Kh2 Rh5+ 59. Kg3 Rh1 60. Kxf4 Rh4+ 61.
Ke3 Rh5 62. b7+ Kb8 63. Rd8+ Ka7 64. b8=Q+ Ka6 65. Rd5 Rxd5 66. Bxd5 1-0

[Event "Early-Titled-Tuesday-Blitz-May-14-2024"]
[Site "Chess.com"]
[Date "2024.05.14"]
[Round "1"]
[White "Revan_2002"]
[Black "Denisenko_Denis"]
[Result "0-1"]
[WhiteElo "2729"]
[BlackElo "2437"]
[TimeControl "180+1"]
[EndTime "8:08:28 PDT"]
[Termination "Denisenko_Denis won by resignation"]

1. d4 d5 2. c4 c6 3. Nf3 Nf6 4. e3 Bf5 5. Nc3 e6 6. Nh4 Be4 7. f3 Bg6 8. Qb3 Qb6 9. Nxg6 hxg6 10. Bd2 Nbd7 11. O-O-O Qxb3 12. axb3 Bb4 13. Bd3 O-O 14. g4 c5 15. g5 cxd4 16. exd4 dxc4 17. bxc4 Nh5 18. Kc2 Rac8 19. Ra1 a6 20. Kb3 Be7 21. Ne4 Rfd8 22. Ba5 b6 23. Bd2 a5 24. Be3 Nc5+ 25. Nxc5 Bxc5 26. Rad1 Bxd4 27. Bc1 Be5 28. Be4 Bf4 29.
Bb7 Rb8 30. Be4 Rxd1 31. Rxd1 Bxc1 32. Rxc1 Rd8 33. Ka4 Nf4 34. Kb5 Rd6 35. c5 bxc5 36. Rxc5 Rd2 37. b3 f5 38. gxf6 gxf6 39. Kxa5 f5 40.
Rc8+ Kg7 41. Bc6 Rxh2 42. b4 Ra2+ 43. Kb6 Kf6 44. b5 g5 45. Rg8 Nd3 46. Kc7 Ne5 47. Be8 Rc2+ 48. Kb7 Nxf3 49. b6 g4 50. Ba4 Ra2 51.
Bd1 Ne5 52. Kc7 Ra1 53. b7 Rc1+ 54. Kb6 Rxd1 55. Rf8+ Kg5 56. Rg8+ Kf4 57. b8=Q Rb1+ 58. Kc5 Rxb8 59. Rxb8 Nd7+ 0-1

[Event "Early-Titled-Tuesday-Blitz-May-14-2024"]
[Site "Chess.com"]
[Date "2024.05.14"]
[Round "1"]
[White "MyDream003"]
[Black "Yerlan-Ra"]
[Result "1-0"]
[WhiteElo "2834"]
[BlackElo "2478"]
[TimeControl "180+1"]
[EndTime "8:08:29 PDT"]
[Termination "MyDream003 won on time"]

1. Nf3 Nf6 2. c4 g6 3. d4 Bg7 4. Nc3 O-O 5. e4 d6 6. Be2 e5 7.
O-O Nc6 8. d5 Ne7 9. Ne1 Nd7 10.
f3 f5 11. Be3 f4 12. Bf2 a5 13.
a3 Rf7 14. b4 g5 15. c5 Ng6 16.
Rc1 Nf6 17. cxd6 cxd6 18. Na4 g4 19. Nb6 g3 20. Nxa8 gxf2+ 21. Rxf2 axb4 22. axb4 Nh4 23. Qc2 Bd7 24. Nc7 Bf8 25. Ne6 Qb6 26. Nd3 Nh5 27.
Qc7 Qe3 28. Qd8 Ng3 29. hxg3 fxg3 30. Qxh4 gxf2+ 31. Qxf2 Bh6 32. Re1 Qd2 33. Bf1 Qc3 34. Qb2 Qc8 35. Qf2 Bxe6 36. dxe6 Qxe6 37. Qg3+ Rg7 38.
Qh4 Bg5 39. Qh5 h6 40. Ra1 Kh7 41. Kh1 Qc4 42. Qh3 Rf7 43. Re1 Qc2 44. Qg3 Bf4 45.
Nxf4 Rxf4 46. Qh3 Qf2 47. Qd7+ Kg8 48. Qd8+ Rf8 49. Bc4+ Kg7 50. Qe7+ Kg6 51. Rf1 Qg3 52. Qxf8 1-0

[Event "Early-Titled-Tuesday-Blitz-May-14-2024"]
[Site "Chess.com"]
[Date "2024.05.14"]
[Round "1"]
[White "Logman74"]
[Black "gmcorrales"]
[Result "0-1"]
[WhiteElo "2529"]
[BlackElo "2949"]
[TimeControl "180+1"]
[EndTime "8:08:32 PDT"]
[Termination "gmcorrales won on time"]

1. e4 c5 2. Nf3 d6 3. d4 cxd4 4.
Nxd4 Nf6 5. Nc3 a6 6. f4 Qc7 7.
Bd3 g6 8. O-O Bg7 9. Nf3 O-O 10.
Kh1 Nc6 11. a3 e6 12. Qe1 d5 13. e5 Nd7 14. Qh4 Qd8 15. Qh3 Nc5 16. Ng5 h6 17. Nf3 Nxd3 18. cxd3 f5 19. exf6 Qxf6 20. Qg3 Bd7 21. Bd2 Rae8 22. Rae1 Qf5 23. Nh4 Qh5 24.
Nxg6 Rf6 25. Ne5 Nxe5 26. fxe5 Rxf1+ 27. Rxf1 Qxe5 28. Qxe5 Bxe5 29. Bxh6 b5 30. h4 a5 31.
Re1 Bd4 32. Be3 Bxe3 33. Rxe3 b4 34. axb4 axb4 35. Ne2 e5 36. d4 e4 37. Nf4 Bc6 38. Kg1 Ra8 39. Kf2 Kf7 40. g4 Ra1 41. Re1 Ra2 42.
Re2 Bb5 43. Rd2 Bc4 44. g5 Ra1 45. h5 Rf1+ 46. Kg3 e3 47. Rh2 Rg1+ 48. Rg2 Rf1 49. g6+ Kg7 50. Rh2 Kh6 51. Rg2 Kg7 52. b3 Bb5 53. Rh2 Kh6 54. Rc2 Bd7 55. Nxd5 Bf5 56. Rh2 Rg1+ 57. Rg2 Rxg2+ 58. Kxg2 Be4+ 59. Kf1 Bxd5 60.
Ke2 Bxb3 61. Kxe3 Bd5 62. Kd2 b3 63. Kc3 Kxh5 64. g7 Kg6 0-1

[Event "Early-Titled-Tuesday-Blitz-May-14-2024"]
[Site "Chess.com"]
[Date "2024.05.14"]
[Round "1"]
[White "Pumpkin_in_moonlight"]
[Black "Root_21"]
[Result "0-1"]
[WhiteElo "2209"]
[BlackElo "2592"]
[TimeControl "180+1"]
[EndTime "8:08:32 PDT"]
[Termination "Root_21 won by resignation"]

1. e4 c5 2. Nf3 d6 3. Bb5+ Bd7 4. Bxd7+ Nxd7 5. c3 Ngf6 6. Qe2 e6 7. O-O Be7 8.
d4 O-O 9. e5 Ne8 10. Bf4 Qb6 11. Na3 d5 12. Nb5 a6 13. Na3 Rc8 14. Rfd1 Nc7 15.
Rab1 Qa5 16. dxc5 Nxc5 17. Nd4 Ne4 18. f3 Nxc3 19. bxc3 Qxa3 20. Rxb7 Qxc3 21. Be3 Qc4 22. Rc1 Qxe2 23. Nxe2 d4 24. Bxd4 Nd5 25. Rxc8 Rxc8 26. Kf2 g5 27. Ra7 Rc6 28. Ra8+ Kg7 29. Ke1 Nc7 30. Rc8 Rc2 31. Kd1 Rc4 32. Kd2 Bb4+ 33. Kd3 Rc6 34. Ng3 Kg6 35. Ne4 h6 36. Nf6 Be7 37.
g4 Bxf6 38. exf6 Rc1 39. Rg8+ Kh7 40. Rg7+ Kh8 41. Rxf7 Nd5 42. Rf8+ Kh7 43. Rf7+ Kh8 44. Ra7 Kg8 45. f7+ Kf8 46. Be5 Nb4+ 47. Ke4 Rd1 48.
Bc7 Nc6 49. Ra8+ Kxf7 50. Bg3 Ne7 51. Ra7 Rd5 52. Rxa6 Kf6 53. a4 Ng6 54. a5 Rd1 55.
Ra8 Ra1 56. a6 Ra4+ 57. Ke3 Ne7 58. a7 Nd5+ 59. Kf2 Nb6 60. Bd6 Nxa8 61. Bc5 Kf7 62. Kg3 Nc7 63. h3 Nb5 64. Bb6 Nxa7 65. Bxa7 Rxa7 0-1

[Event "Early-Titled-Tuesday-Blitz-May-14-2024"]
[Site "Chess.com"]
[Date "2024.05.14"]
[Round "1"]
[White "Aryan_Tamadon"]
[Black "Gareth-Bale11"]
[Result "0-1"]
[WhiteElo "2523"]
[BlackElo "2923"]
[TimeControl "180+1"]
[EndTime "8:08:36 PDT"]
[Termination "Gareth-Bale11 won on time"]

1. Nf3 d5 2. g3 g6 3. Bg2 Bg7 4. O-O e5 5. d3 Nc6 6. c3 a5 7. Qc2 Nf6 8. e4 O-O 9. a4 Re8 10. Na3 h6 11. b3 Be6 12. Re1 Qc8 13. Nb5 dxe4 14. dxe4 b6 15. Bb2 Nd7 16. Ba3 Nc5 17. Bxc5 bxc5 18. Nd2 h5 19. Nf1 Bh6 20. Ne3 Bxe3 21.
Rxe3 c4 22. bxc4 Bxc4 23. Na3 Be6 24. Bf1 h4 25. Bb5 Qb7 26. Rb1 Red8 27. Rd3 Rxd3 28.
Qxd3 h3 29. g4 Bxg4 30. Qd5 Ra6 31. Bxc6 Qxc6 32. Rb8+ Kg7 33. Qxe5+ Qf6 34. Qe8 Kh6 35. f4 Re6 36. Qf8+ Qg7 37. e5 Qxf8 38. Rxf8 Kg7 39.
Rc8 Rb6 40. Rxc7 Rb2 41. Nc4 Rg2+ 42. Kf1 Rxh2 43. Nd6 Be6 44. Ne8+ Kh6 45. Nf6 g5 46. f5 Bxf5 47. Rxf7 Kg6 48. Rf8 Rg2 49. Rh8 g4 50.
Rg8+ Kf7 51. Rh8 Bd3+ 52. Ke1 h2 53. Nxg4 Rxg4 54. Rxh2 Ke6 55. Kd2 Bf5 56. Rh6+ Kxe5 57. Ra6 Rxa4 58. Kc1 Bd3 0-1

[Event "Early-Titled-Tuesday-Blitz-May-14-2024"]
[Site "Chess.com"]
[Date "2024.05.14"]
[Round "1"]
[White "SHIVACalypso"]
[Black "Chess4always"]
[Result "1-0"]
[WhiteElo "2560"]
[BlackElo "2030"]
[TimeControl "180+1"]
[EndTime "8:08:36 PDT"]
[Termination "SHIVACalypso won by resignation"]

1. e4 c6 2. d4 d5 3. Nc3 dxe4 4. Nxe4 Nf6 5. Nxf6+ gxf6 6. Be3 Bf5 7. Qd2 Nd7 8. Ne2 e6 9. h4 h5 10. Ng3 Bg6 11.
Bd3 Bxd3 12. Qxd3 Bd6 13. Ne4 Be7 14. O-O-O f5 15. Ng5 Bxg5 16. Bxg5 Qa5 17. Kb1 f6 18. Bf4 O-O-O 19. Rhe1 Rde8 20. Qc4 Qd5 21. Qxd5 cxd5 22. c3 Nb6 23. Kc2 Kd7 24. Re2 Rhg8 25. g3 Nc4 26. Rde1 Rg4 27. b3 Nd6 28. Bxd6 Kxd6 29. Kd3 e5 30. dxe5+ fxe5 31. Kd2 d4 32. cxd4 Rxd4+ 33. Kc3 Rc8+ 34. Kb2 Rd5 35. Rc2 Rxc2+ 36. Kxc2 e4 37. Re3 Ke5 38. Rc3 f4 39. Rc7 fxg3 40. fxg3 Rb5 41. Kd2 Rd5+ 42. Ke2 Rb5 43. Rg7 Kf6 44.
Rh7 a5 45. Ke3 Kg6 46. Re7 a4 47. bxa4 Rb2 48. Rxe4 Rxa2 49. Rb4 Ra3+ 50. Kf4 Kf6 51. Rb6+ Ke7 52. Rxb7+ Kd6 53. Rb4 Kc5 54. Re4 Kd6 55.
Rb4 Kc5 56. Rb5+ Kc6 57. Rxh5 Rxa4+ 58. Kg5 Kd6 59. Rh6+ Ke7 60. h5 Kf7 61. Rb6 Ra5+ 62. Kh4 Kg7 63. g4 Ra1 64. Rb7+ Kg8 65. h6 Ra5 66. g5 Kh8 67. Kh5 Ra6 68. Rb5 Ra8 69.
g6 Rg8 70. Rf5 Rd8 71. g7+ Kh7 72. Rf8 Rd5+ 73. Kg4 Rg5+ 74. Kf4 Kxh6 75. Rf6+ Kh7 76. Kxg5 Kxg7 77. Ra6 1-0

[Event "Early-Titled-Tuesday-Blitz-May-14-2024"]
[Site "Chess.com"]
[Date "2024.05.14"]
[Round "1"]
[White "A4RookA3"]
[Black "Incognito_Knight"]
[Result "1/2-1/2"]
[WhiteElo "2434"]
[BlackElo "2752"]
[TimeControl "180+1"]
[EndTime "8:08:39 PDT"]
[Termination "Game drawn - insufficient material"]

1. e4 c5 2. Nf3 e6 3. d4 cxd4 4.
Nxd4 a6 5. c4 Nf6 6. Nc3 Qc7 7.
a3 b6 8. Be3 Bb7 9. f3 d6 10.
Be2 Nbd7 11. O-O Be7 12. Qd2 O-O 13. Rfd1 Rac8 14. Rac1 Rfe8 15. b4 Qb8 16. Nb3 Bd8 17. g3 Bc7 18. Bf4 Ne5 19. Bxe5 dxe5 20. c5 b5 21. Qe3 Bc6 22. Rd2 Red8 23. Rcd1 Rxd2 24.
Rxd2 Rd8 25. Rxd8+ Qxd8 26. Qd3 Qxd3 27. Bxd3 Nd7 28.
Nd2 Nb8 29. Kf2 Kf8 30. Ke3 Ke7 31. Ke2 g6 32. Ke3 f5 33. Ke2 h5 34. h3 Kf6 35.
Kf2 Bd7 36. Nb3 Nc6 37. Ne2 Bd8 38. Ke3 Be8 39. Kf2 Kf7 40. Kg2 h4 41. g4 Kf6 42.
Kf2 Kg5 43. Ke3 Bd7 44. Ng1 Bf6 45. Ne2 Bg7 46. Kf2 Kf6 47. Ke1 Ke7 48. Kd2 Nd4 49.
Nexd4 exd4 50. Na5 Bh6+ 51. Ke2 Kd8 52. exf5 gxf5 53.
gxf5 exf5 54. Nb7+ Kc7 55. Nd6 Bc1 56. Nxf5 Bxa3 57.
Nxh4 Bxh3 58. Nf5 Bxb4 59. Nxd4 Bxc5 60. Nc2 Be6 61. f4 b4 62. f5 Bf7 63. Kd2 b3 64. Ne1 Bb4+ 65. Kd1 Bxe1 66. Kxe1 b2 67. Bb1 Bb3 68. Kd2 a5 69. Kc3 a4 70. Kxb2 Kd6 71. Ka3 Ke7 72. Bd3 Kf6 73. Bb5 Kxf5 74. Bxa4 1/2-1/2

[Event "Early-Titled-Tuesday-Blitz-May-14-2024"]
[Site "Chess.com"]
[Date "2024.05.14"]
[Round "1"]
[White "pfalcon1949"]
[Black "DucksParadise"]
[Result "0-1"]
[WhiteElo "1903"]
[BlackElo "2550"]
[TimeControl "180+1"]
[EndTime "8:08:39 PDT"]
[Termination "DucksParadise won on time"]

1. e4 b5 2. Bxb5 f5 3. exf5 c6 4.
Qh5+ g6 5. fxg6 Bg7 6. gxh7+ Kf8 7. hxg8=Q+ Kxg8 8. Bc4+ d5 9. Qe2 dxc4 10. Qxc4+ e6 11. Nf3 Qf6 12. Nc3 Qg6 13. O-O Ba6 14. Qe4 Qxe4 15. Nxe4 Bxf1 16. Kxf1 Nd7 17. c3 Ne5 18. Nxe5 Bxe5 19. h3 Kf7 20. d4 Bf6 21. Nxf6 Kxf6 22. Be3 Rab8 23. b3 a5 24. c4 Rhd8 25. Bf4 Rb7 26.
Be5+ Kf7 27. g4 a4 28. Rb1 Ra8 29. Kg2 axb3 30. axb3 Ra3 31. h4 Raxb3 32. Rxb3 Rxb3 33. h5 Rb4 34. c5 Ra4 35. Kg3 Ra1 36. f3 Rg1+ 37.
Kf4 Rh1 38. Kg5 Rh3 39. f4 Rg3 40. h6 Rh3 41. f5 exf5 42. Kxf5 Rf3+ 43. Kg5 Rh3 44.
Kf5 Rxh6 45. g5 Re6 46. g6+ Rxg6 47. Kf4 Rg1 48. Kf5 Rf1+ 49. Ke4 Ke6 50. Kd3 Kd5 51. Kc3 Rd1 52. Kb4 Rc1 53. Bf6 Rc4+ 54. Ka5 Rc2 55. Kb6 Rb2+ 56. Kc7 Rb5 57. Be5 Ra5 58. Kd7 Ra7+ 59.
Kc8 Re7 60. Kb8 Kc4 61. Bd6 Rh7 62. Be5 Kb5 63. Bf6 Ka6 64. Be5 Rb7+ 65. Kc8 Rf7 66. Kd8 Kb5 67. Ke8 Rh7 68. Kd8 Kc4 69. Kc8 Kd5 70.
Kd8 Ra7 71. Kc8 Ra5 72. Kb7 Rb5+ 73. Kc7 Rb2 74. Bf6 Re2 75. Kd7 Re6 0-1

[Event "Early-Titled-Tuesday-Blitz-May-14-2024"]
[Site "Chess.com"]
[Date "2024.05.14"]
[Round "1"]
[White "cukus"]
[Black "IlanSchnaider"]
[Result "0-1"]
[WhiteElo "2384"]
[BlackElo "2705"]
[TimeControl "180+1"]
[EndTime "8:08:41 PDT"]
[Termination "IlanSchnaider won by resignation"]

1. e4 e5 2. Nf3 Nc6 3. d4 exd4 4. Nxd4 Nf6 5. Nxc6 bxc6 6. Nd2 d5 7. exd5 cxd5 8.
Bb5+ Bd7 9. Bxd7+ Qxd7 10. O-O Be7 11. Qf3 O-O 12. b3 Bb4 13. Rd1 Rfe8 14. Bb2 Re6 15. Nc4 Rae8 16. Ne3 Bc5 17. Bd4 Bxd4 18. Rxd4 c5 19.
Rdd1 d4 20. Nf5 Qd5 21. Qh3 Qe4 22. Qd3 Qxd3 23. cxd3 Nd5 24. Kf1 g6 25. Ng3 h5 26.
Ne4 Rc8 27. Rac1 Rec6 28. Rc4 Nb6 29. Rc2 f5 30. Ng5 Nd5 31. Re1 Nb4 32. Rd2 Kg7 33. a3 Nd5 34. Re5 Nc3 35. Re1 Kf6 36. Nf3 Rb6 37. Rb2 Rcb8 38. Ne5 Rxb3 39. Nd7+ Kg7 40. Rxb3 Rxb3 41. Nxc5 Rxa3 42. Re7+ Kf8 43. Re1 Kf7 44. Ne6 Nb5 45. Nd8+ Kf6 46. Nc6 Rxd3 47. Rb1 Nc3 48. Ra1 a6 49. g3 h4 50. Rxa6 Rd1+ 51. Kg2 hxg3 52. hxg3 Kg5 53. Nb4 d3 54. Rd6 d2 55.
Nc2 Ne4 56. Rd4 Rc1 57. Ne3 Rc3 58. f3 Nf6 59. Rxd2 Rxe3 60. Kf2 Ra3 61. Rd4 Ra2+ 62. Ke3 Ra3+ 63. Kf2 Kh6 64. Rd6 Nh5 65. g4 fxg4 66.
fxg4 Ng7 67. Rd5 Ne6 68. Kg2 Nf4+ 0-1

[Event "Early-Titled-Tuesday-Blitz-May-14-2024"]
[Site "Chess.com"]
[Date "2024.05.14"]
[Round "1"]
[White "urano56"]
[Black "Casablanca"]
[Result "1-0"]
[WhiteElo "2421"]
[BlackElo "2716"]
[TimeControl "180+1"]
[EndTime "8:08:45 PDT"]
[Termination "urano56 won by checkmate"]

1. e4 b6 2. d4 Bb7 3. Nc3 e6 4. Bd3 Bb4 5. Ne2 d5 6. O-O dxe4 7. Nxe4 Nd7 8. c3 Be7 9. N2g3 Ngf6 10.
Qe2 O-O 11. Rd1 Qc8 12. Nh5 Nxe4 13. Bxe4 Nf6 14. Bxb7 Qxb7 15. Bg5 Nd5 16. Bxe7 Nxe7 17. Qg4 Ng6 18. Rd3 Qd5 19. Rg3 c5 20. Nf4 Qe4 21.
Nxg6 Qxg6 22. dxc5 bxc5 23. Qf4 Qc2 24. Qh6 g6 25.
Rh3 Rfd8 26. Qxh7+ Kf8 27. Qh8+ Ke7 28. Qh4+ Ke8 29. Re1 Rd1 30. Re3 Rad8 31. h3 Rxe1+ 32. Rxe1 Rd2 33. Qf6 Qxb2 34. a4 Rc2 35. Re3 Qc1+ 36. Kh2 Qd2 37. Qh8+ Ke7 38. Rf3 Qd6+ 39. g3 Qd7 40. Qf6+ Ke8 41. Qf4 Rd2 42. Qb8+ Ke7 43.
Qh8 Rd5 44. Qf6+ Ke8 45. Qh8+ Ke7 46. Qf6+ Ke8 47. c4 Rf5 48. Qh8+ Ke7 49. Rxf5 gxf5 50. Qh4+ Kd6 51. Qf4+ Kc6 52. Qf3+ Kb6 53. Qb3+ Kc7 54. Kg2 Qd4 55. Qb5 Qe4+ 56. Kg1 Qe1+ 57. Kg2 Qe4+ 58.
Kg1 Qd4 59. Qa5+ Kc8 60. Qa6+ Kd8 61. Qxa7 Qxc4 62. Qb6+ Ke7 63. a5 Qc1+ 64. Kg2 c4 65.
Qb7+ Kf6 66. a6 c3 67. a7 c2 68. a8=Q Qd1 69. Qh8+ Kg6 70. Qg8+ Kf6 71. Qb2+ e5 72. Qb6+ Ke7 73. Qg5+ Kd7 74. Qgd8# 1-0